 Dungeon Crawl Stone Soup version 0.31.0-11-ge490571c62 (webtiles) character file.

Game seed: 17505047571314377540

542 javelincjr the Magician (level 7, -1/50 HPs)
             Began as a Djinni Hedge Wizard on Feb 5, 2024.
             Was a Believer of Jiyva.
             Slain by an ice beast (19 damage)
             ... on level 5 of the Dungeon.
             The game lasted 00:17:15 (4597 turns).

javelincjr the Magician (Djinni Hedge Wizard)       Turns: 4597, Time: 00:17:16

Health: -1/50      AC:  5    Str:  9      XL:     7   Next: 52%
Gold:   170        EV: 13    Int: 17      God:    Jiyva [**....] SH:  0 Dex: 11 (13)

rFire   + + .        o - +2 dagger (drain)
rCold   x . .        (no shield)
rNeg    . . .        l - +2 animal skin
rPois   ∞            c - +0 hat
rElec   .            q - +0 cloak
rCorr   +            (no gloves)
SInv    .            (boots unavailable)
Will    .....        (no amulet)
Stlth   ++           (no ring)
HPRegen 1.24/turn    (no ring)
MPRegen 0.00/turn

%: infuse magic (-2 HP)
@: flying
A: sickness immunity, fire resistance 2, cold vulnerability 1, float, innate
caster, HP casting, extra vitality 1
a: Renounce Religion


You were on level 5 of the Dungeon.
You worshipped Jiyva.
Jiyva was pleased with you.
You visited 1 branch of the dungeon, and saw 5 of its levels.
You also visited: Sewer.

You collected 170 gold pieces.

Inventory:

Hand Weapons
 a - a +0 spectral dagger
 o - a +2 dagger of draining (weapon)
Missiles
 p - 9 javelins
 r - a throwing net
Armour
 b - a +0 robe
 c - a +0 hat (worn)
 l - a +2 animal skin (worn)
 m - a +0 helmet
 q - a +0 cloak (worn)
 t - a +1 plate armour of cold resistance
 v - a +0 chain mail
Scrolls
 n - 2 scrolls of teleportation
 s - a scroll of blinking
 u - a scroll of fog
 w - a scroll of poison
Potions
 d - 2 potions of heal wounds
 e - 2 potions of curing
 f - a potion of attraction
 g - 2 potions of resistance
 h - a potion of cancellation {unknown}
 i - 2 potions of invisibility
 j - 4 potions of mutation
 k - a potion of enlightenment {unknown}


   Skills:
 + Level 3.4 Fighting
 + Level 4.7 Dodging
 - Level 1.8 Stealth
 * Level 5.0 Spellcasting
 * Level 5.0 Conjurations
 * Level 5.0 Hexes
   Level 0.0 Charms
 * Level 5.0 Summonings
 * Level 5.0 Necromancy
 * Level 5.0 Translocations
   Level 0.0 Transmutations
 * Level 5.0 Fire Magic
 * Level 5.0 Ice Magic
 * Level 5.0 Air Magic
 * Level 5.0 Earth Magic
 * Level 5.0 Alchemy


You knew the following spells:

 Your Spells              Type           Power      Damage    Failure   Level
a - Magic Dart            Conj           84%        1d7       1%          1
b - Slow                  Hex            84%        N/A       1%          1
c - Blink                 Tloc           42%        N/A       2%          2
d - Call Imp              Summ           42%        N/A       2%          2
e - Mephitic Cloud        Conj/Alch/Air  21%        N/A       5%          3
f - Kiss of Death         Conj/Necr      84%        2d11      1%          1
g - Static Discharge      Conj/Air       42%        3-5/arc   2%          2
h - Momentum Strike       Conj/Tloc      42%        3d9       2%          2
Your spell library was empty.

Dungeon Overview and Level Annotations

Branches:
Dungeon (5/15)              Sewer (visited)
 Temple: D:4-7

Altars:

Annotations:
D:4 DaftaChap's ghost, amateur DsFi


Innate Abilities, Weirdness & Mutations

You are immune to sickness and miasma.
You are immune to poison.
Your flesh is very heat resistant. (rF++)
You are vulnerable to cold. (rC-)
You float through the air rather than walking.
You learn spells naturally, not from books.
Your magical power is your life essence.
You have superior vitality. (+4 MHP)


Message History

There is an open door here.
Jiyva is now protecting you from corrosive effects.
d - 2 potions of heal wounds
w - a scroll of poison
x - a scroll of identify
Okay, then.
As you read the scroll of identify, it crumbles to dust.
i - 2 potions of invisibility An ice beast comes into view.
Casting: Static Discharge (safe; 2% risk of failure)
Confirm with . or Enter, or press ? or * to list all spells.
A tiny devil pulls itself out of the air.
The magic dart hits the ice beast but does no damage.
The magic dart hits the ice beast but does no damage.
The magic dart hits the ice beast.
The ice beast is lightly wounded.
Your cerulean imp hits the ice beast but does no damage.
The magic dart hits the ice beast.
The ice beast is lightly wounded.
Your cerulean imp hits the ice beast from afar with a -2 spear.
You hit the ice beast.
The ice beast is moderately wounded.
The ice beast barely misses you.
Your cerulean imp hits the ice beast but does no damage.
You closely miss the ice beast.
The ice beast is moderately wounded.
The ice beast hits you. The ice beast freezes you!
You feel a terrible chill!
Your cerulean imp barely misses the ice beast.
You completely miss the ice beast.
The ice beast is moderately wounded.
The ice beast hits you. The ice beast freezes you!
You feel a terrible chill!
Your cerulean imp hits the ice beast but does no damage.
You are too injured to fight recklessly!
Casting: Magic Dart (safe; 1% risk of failure)
Confirm with . or Enter, or press ? or * to list all spells.
The ice beast is struck by an arc of lightning.
The ice beast is heavily wounded.
You are struck by an arc of lightning.
The lightning grounds out.
The ice beast hits you. The ice beast freezes you!!
You feel a terrible chill!
You die...

..# #..###..# #.. .#
#..# ##.. .... .# ##..#
#.. ....#
...#####...####.. .....#
#...##.......#...
......# #...............
...$... ##.....###......
....5.Y##...........###.
.......@..........### #
.......##........##
....... #........#
......# #..####..#
.....# #..# ##.# ....#
#.## ### .... #.# .##
#.# ###


You could see an ice beast (ally target) and a friendly cerulean imp (summoned).

Vanquished Creatures
  Duvessa (D:4)
  A quasit (D:4)
  A hound (D:5)
  2 jellies (Sewer)
  A bullfrog zombie (D:4)
  A sleepcap (D:4)
  6 adders
  A dart slug (D:1)
  5 ribbon worms
  8 orcs
  3 bats
  14 endoplasms
  4 giant cockroaches
  5 hobgoblins
  4 jackals (D:1)
  4 kobolds
  A quokka (D:2)
  12 ball pythons
  5 frilled lizards
  8 goblins
  12 rats
99 creatures vanquished.

Vanquished Creatures (collateral kills)
  A jelly (Sewer)
  Robin (D:4)
  An orc (D:4)
  An endoplasm (D:1)
  3 hobgoblins
  3 ball pythons
  2 goblins
  A rat (D:1)
13 creatures vanquished.

Vanquished Creatures (others)
  Dowan (D:4)
  A jelly (D:4)
  A ball python (D:4)
  4 goblins (D:4)
  A hobgoblin (D:4)
  A quokka (D:4)
9 creatures vanquished.

Grand Total: 121 creatures vanquished

Notes
Turn   | Place    | Note
-------+----------+-------------------------------------------
     0 | D:1      | javelincjr the Djinni Hedge Wizard began the quest for the
                  | Orb.
     0 | D:1      | javelincjr set off with the following spells memorised:
                  | Magic Dart, Slow, Blink, Call Imp, Mephitic Cloud.
     0 | D:1      | Reached XP level 1. HP: 15/15 MP: 0/0
   168 | D:1      | Reached XP level 2. HP: 9/21 MP: 0/0
   875 | D:1      | Reached XP level 3. HP: 25/26 MP: 0/0
   875 | D:1      | Learned a level 1 spell: Kiss of Death
  1475 | D:2      | Found a faded altar of an unknown god.
  1642 | D:2      | Reached skill level 1 in Fighting
  1820 | D:2      | Reached XP level 4. HP: 26/32 MP: 0/0
  2775 | D:4      | Found a glowing drain.
  2821 | D:4      | Reached XP level 5. HP: 31/37 MP: 0/0
  2821 | D:4      | Learned a level 2 spell: Static Discharge
  2824 | Sewer    | Entered a sewer
  3160 | Sewer    | Reached XP level 6. HP: 36/43 MP: 0/0
  3263 | Sewer    | Found a viscous altar of Jiyva.
  3323 | Sewer    | Became a worshipper of Jiyva Jipt the Shapeless
  3451 | D:4      | Found a transporter.
  3484 | D:4      | Found a transporter.
  3805 | D:4      | Reached * piety under Jiyva
  3916 | D:4      | Noticed Duvessa
  3917 | D:4      | Noticed Robin
  3923 | D:4      | Noticed Dowan
  3933 | D:4      | Killed Duvessa
  3934 | D:4      | Reached XP level 7. HP: 19/50 MP: 0/0
  3934 | D:4      | Learned a level 2 spell: Momentum Strike
  3956 | D:4      | Killed Dowan
  3962 | D:4      | Killed Robin
  4099 | D:4      | Noticed DaftaChap's ghost (amateur DsFi)
  4386 | D:4      | HP: 2/50 [bullfrog skeleton (4)]
  4438 | D:5      | Entered Level 5 of the Dungeon
  4450 | D:5      | Noticed a yak
  4450 | D:5      | Noticed a yak
  4450 | D:5      | Noticed a yak
  4451 | D:5      | Noticed a yak
  4490 | D:5      | Reached skill level 5 in Spellcasting
  4490 | D:5      | Reached skill level 5 in Conjurations
  4490 | D:5      | Reached skill level 5 in Hexes
  4490 | D:5      | Reached skill level 5 in Summonings
  4490 | D:5      | Reached skill level 5 in Necromancy
  4490 | D:5      | Reached skill level 5 in Translocations
  4490 | D:5      | Reached skill level 5 in Fire Magic
  4490 | D:5      | Reached skill level 5 in Ice Magic
  4490 | D:5      | Reached skill level 5 in Air Magic
  4490 | D:5      | Reached skill level 5 in Earth Magic
  4490 | D:5      | Reached skill level 5 in Alchemy
  4518 | D:5      | Reached ** piety under Jiyva
  4597 | D:5      | Slain by an ice beast

Illustrated notes

Levels and vault maps discovered:
D:1:      elethiomel_arrival_maze, layout_basic
D:2:      layout_basic, shapermc_ecumenical_altar_notcrosses
D:3:      layout_loops_ring, dk_noncrumbling_2,
          minmay_fractal_squares_diagonal_5
D:4:      layout_layer_cave, cheibrodos_sewer_entry_drain,
          gammafunk_ghost_mausoleum, uniq_duvessa, uniq_robin
D:5:      layout_layer_cave, pdpol_wu_jian_five_deadly_venoms,
          minmay_temple_entry_butterflies, serial_demonic, serial_demonic_c,
          serial_demonic_g, serial_demonic_a, serial_demonic_a,
          kennysheep_diamond

Skill      XL: |  1  2  3  4  5  6  7 |
---------------+----------------------+-----
Fighting       | 1 2 3 |  3.4
Dodging        | 3 4 |  4.7
Spellcasting   | 4 5 |  5.0
Conjurations   | 4 5 |  5.0
Hexes          | 4 5 |  5.0
Summonings     | 4 5 |  5.0
Necromancy     | 4 5 |  5.0
Translocations | 4 5 |  5.0
Fire Magic     | 4 5 |  5.0
Ice Magic      | 4 5 |  5.0
Air Magic      | 4 5 |  5.0
Earth Magic    | 4 5 |  5.0
Alchemy        | 4 5 |  5.0
Stealth        | |  1.8

Action                     |  1- 3 |  4- 6 |  7- 9 || total
---------------------------+-------+-------+-------++-------
  Melee: Dagger            |    19 |   105 |    32 ||   156
         Punch             |       |     1 |       ||     1
   Cast: Magic Dart        |    61 |    68 |     6 ||   135
         Call Imp          |     4 |     7 |     6 ||    17
         Mephitic Cloud    |       |     1 |     1 ||     2
         Static Discharge  |       |     7 |     5 ||    12
         Blink             |       |       |     1 ||     1
    Use: Scroll            |       |    12 |     1 ||    13
         Potion            |       |       |     2 ||     2
   Stab: Sleeping          |     1 |     1 |       ||     2
         Confused          |       |       |     1 ||     1
 Armour: Robe              |    15 |    56 |     9 ||    80
         Animal skin       |       |       |    61 ||    61
  Dodge: Dodged            |    16 |    67 |    52 ||   135
